 Dungeon Crawl Stone Soup version 0.30-a0-845-g7c6808c8ce (webtiles) character file.

Game seed: 8460968787203279132

1532 Duck the Slicer (level 8, -4/54 (57) HPs)
             Began as a Demigod Conjurer on Mar 2, 2023.
             Slain by a hornet (11 damage)
             ... on level 6 of the Dungeon.
             The game lasted 00:35:18 (8459 turns).

Duck the Slicer (Demigod Conjurer)                  Turns: 8459, Time: 00:35:20

HP:   -4/54 (57)    AC:  7    Str:  7 (8)  XL:     8   Next: 30%
MP:   12/19         EV: 12    Int: 24 (27) God:
Gold: 258           SH:  0    Dex: 15 (16) Spells: 10/17 levels left

rFire   + + .      SeeInvis .    d - +4 dagger
rCold   . . .      Faith    .    (no shield)
rNeg    . . .      Spirit   .    p - +2 robe of Jetoliab {rF+ Int+3}
rPois   +          Reflect  .    (no helmet)
rElec   .          Rampage  .    k - scarf {repulsion}
rCorr   .                        (no gloves)
Will    .....                    a - +2 pair of boots
Stlth   ++                       j - amulet of magic regeneration
HPRegen 0.29/turn                m - ring of poison resistance
MPRegen 0.56/turn                f - ring of protection from fire

@: slowed, drained, repel missiles, very slow
A: high MP 1, forlorn, divine attributes
a: no special abilities


You were on level 6 of the Dungeon.
You visited 2 branches of the dungeon, and saw 7 of its levels.

You collected 258 gold pieces.

Inventory:

Hand Weapons
 d - a +4 dagger (weapon)
Armour
 a - a +2 pair of boots (worn)
 k - a scarf of repulsion (worn)
 p - the +2 robe of Jetoliab (worn) {rF+ Int+3}
   (You found it on level 3 of the Dungeon)

   Int:       It affects your intelligence (+3).
   rF:        It protects you from fire.
Jewellery
 f - a ring of protection from fire (right hand)
 j - an amulet of magic regeneration (around neck)
 m - a ring of poison resistance (left hand)
 o - an amulet of the acrobat
Wands
 b - a wand of paralysis (10)
 s - a wand of flame (29)
 u - a wand of mindburst (10)
Scrolls
 c - 5 scrolls of identify
 e - a scroll of amnesia {unknown}
 g - a scroll of fog
 i - 2 scrolls of poison
 t - a scroll of enchant weapon
 w - a scroll of enchant armour {unknown}
Potions
 l - a potion of brilliance
 n - 2 potions of curing
 q - a potion of attraction
 r - 2 potions of haste
 v - a potion of mutation {unknown}


   Skills:
 - Level 9.5 Short Blades
 - Level 2.2 Dodging
 - Level 2.0 Stealth
 - Level 5.1 Spellcasting
 - Level 8.0 Conjurations
 * Level 4.5 Necromancy


You had 10 spell levels left.
You knew the following spells:

 Your Spells              Type           Power      Damage    Failure   Level
a - Magic Dart            Conj           100%       1d8       1%          1
b - Vampiric Draining     Necr           27%        2d7       4%          3
c - Searing Ray           Conj           88%        2d7       1%          2
d - Necrotise             Necr           100%       1d9       1%          1

Your spell library contained the following spells:

 Spells                   Type           Power      Damage    Failure   Level
 Dazzling Flash           Conj/Hex       50%        N/A       4%          3
 Fulminant Prism          Conj/Hex       12%        3d9       17%         4
 Iskenderun's Mystic Bla  Conj/Tloc      25%        2d7       17%         4
 Agony                    Necr           27%        N/A       36%         5
 Silence                  Hex/Air        3%         N/A       94%         5


Dungeon Overview and Level Annotations

Branches:
Dungeon (6/15)             Temple (1/1) D:4

Shops:
D:4 !


Innate Abilities, Weirdness & Mutations

You have an increased reservoir of magic. (+10% MP)
You shall have no god before yourself.
Your divine heritage dramatically boosts your attributes as you level up.


Message History

The hornet stings you! The hornet misses you.
You feel sick. The hornet stings you!
Casting: Searing Ray (safe; 1% risk of failure)
Confirm with . or Enter, or press ? or * to list all spells.
Aiming: Searing Ray (safe; 1% risk of failure)
Press: ? - help, Shift-Dir - straight line, f/p - hornet
Aim: a hornet (heavily wounded, 73% to hit)
The searing ray hits the hornet.
The hornet is severely wounded. (Press . to maintain the ray.)
You feel sick. The hornet barely misses you. x2
Casting: Searing Ray (safe; 1% risk of failure)
Confirm with . or Enter, or press ? or * to list all spells.
Restarting spell: Searing Ray (safe; 1% risk of failure)
Press: ? - help, Shift-Dir - straight line, f/p - hornet
Aim: a hornet (severely wounded, 73% to hit)
The searing ray misses the hornet. (Press . to maintain the ray.)
You feel sick.
The hornet stings you but does no damage.
You feel better. The hornet stings you!
* * * LOW HITPOINT WARNING * * *
The hornet closely misses you.
Casting: Searing Ray (safe; 1% risk of failure)
Confirm with . or Enter, or press ? or * to list all spells.
Aiming: Searing Ray (safe; 1% risk of failure)
Press: ? - help, Shift-Dir - straight line, f/p - hornet
Aim: a hornet (severely wounded, 73% to hit)
The searing ray hits the hornet!
The hornet is almost dead. (Press . to maintain the ray.)
The hornet barely misses you.
The searing ray hits the hornet but does no damage.
The hornet is almost dead.
The hornet barely misses you. The hornet stings you.
* * * LOW HITPOINT WARNING * * *
You feel yourself slow down.
The searing ray misses the hornet.
The hornet barely misses you. The hornet stings you!
You die...

#... ... #... .....#
###... #....# ..... #....
#... #..# ###
...##.#####.##
#.....##....# #.y....<...#
##.@......## .[
#.###.)..## ..# ##
#..##.....#
....#.##.####....#
....#......#...###
...........###.#
......##....#[###
........###.[...## ###
........##..[....##..#####


You could see a hornet.

Vanquished Creatures
  A wyvern (D:6)
  2 black bears
  An ice beast (D:6)
  4 scorpions (D:5)
  4 wights (D:6)
  3 jellies
  A hound (D:4)
  An orc priest (D:3)
  Jessica (D:2)
  Terence (D:2)
  2 iguanas (D:5)
  An orc wizard (D:3)
  4 adders
  4 gnolls (D:4)
  A white imp (D:5)
  An ufetubus (D:5)
  6 worms
  A dart slug (D:4)
  22 orcs
  4 endoplasms
  2 giant cockroaches
  10 goblins
  8 hobgoblins
  4 jackals (D:1)
  3 quokkas
  5 ball pythons
  4 bats
  4 frilled lizards
  6 kobolds
  11 rats
122 creatures vanquished.

Vanquished Creatures (others)
  A sky beast (D:6)
  A centaur (D:6)
  A bullfrog (D:6)
  2 scorpions (D:6)
  2 iguanas (D:6)
  An adder (D:6)
8 creatures vanquished.

Grand Total: 130 creatures vanquished

Notes
Turn   | Place    | Note
-------+----------+-------------------------------------------
     0 | D:1      | Duck the Demigod Conjurer began the quest for the Orb.
     0 | D:1      | Reached XP level 1. HP: 14/14 MP: 5/5
   296 | D:1      | Reached XP level 2. HP: 20/20 MP: 1/7
  1285 | D:2      | Reached XP level 3. HP: 26/26 MP: 3/9
  1930 | D:2      | Noticed Terence
  2030 | D:2      | Reached skill level 9 in Short Blades
  2030 | D:2      | Reached XP level 4. HP: 33/33 MP: 8/10
  2031 | D:2      | Reached skill level 5 in Spellcasting
  2031 | D:2      | Reached XP level 5. HP: 38/38 MP: 8/15
  2049 | D:2      | Killed Terence
  2191 | D:2      | Noticed Jessica
  2196 | D:2      | Killed Jessica
  2318 | D:2      | Learned a level 3 spell: Vampiric Draining
  2321 | D:2      | Learned a level 2 spell: Searing Ray
  2323 | D:2      | Learned a level 1 spell: Necrotise
  3643 | D:3      | Reached XP level 6. HP: 45/45 MP: 15/17
  3670 | D:3      | Identified the +2 robe of Jetoliab {rF+ Int+3}
  6619 | D:4      | Found a staircase to the Ecumenical Temple.
  6747 | D:4      | Reached skill level 1 in Necromancy
  6954 | D:4      | Found Botod's Distillery.
  7170 | D:4      | Reached XP level 7. HP: 50/50 MP: 14/18
  7217 | Temple   | Entered the Ecumenical Temple
  7320 | D:5      | Entered Level 5 of the Dungeon
  8061 | D:6      | Reached XP level 8. HP: 24/57 MP: 11/19
  8444 | D:6      | Noticed a hornet
  8459 | D:6      | Slain by a hornet

Illustrated notes

Levels and vault maps discovered:
D:1:      dpeg_arrival_boxorama, layout_basic,
          hellmonk_ecumenical_altar_crossroads
D:2:      layout_basic, basic_altar, uniq_terence, uniq_jessica
D:3:      minmay_general_purpose_star, layout_basic,
          chequers_serial_rivers_micro_e
D:4:      layout_basic, minmay_temple_entry_grid, serial_shops,
          nicolae_shop_trees
D:5:      layout_cave_pools
D:6:      layout_cave_pools, mainiacjoe_overflow_alcove_4, xom_confusion_cloud,
          fedhas_altar_1, serial_shops, shop
Temple:   nicolae_temple_great_sept

Skill      XL: |  1  2  3  4  5  6  7  8 |
---------------+-------------------------+-----
Stealth        | 2 |  2.0
Spellcasting   | 2 5 |  5.1
Dodging        | 2 |  2.2
Conjurations   | 4 7 8 |  8.0
Short Blades   | 9 |  9.5
Necromancy     | 1 3 4 |  4.5

Action                     |  1- 3 |  4- 6 |  7- 9 || total
---------------------------+-------+-------+-------++-------
  Melee: Dagger            |    38 |    35 |     4 ||    77
   Cast: Magic Dart        |    81 |    99 |    48 ||   228
         Necrotise         |       |    32 |    41 ||    73
         Searing Ray       |       |    13 |    20 ||    33
    Use: Potion            |     1 |     7 |     3 ||    11
         Scroll            |     1 |     7 |     6 ||    14
   Stab: Sleeping          |     1 |       |       ||     1
 Armour: Robe              |    11 |     3 |    18 ||    32
  Dodge: Dodged            |    34 |    20 |    27 ||    81

Table legend: (Time is in decaauts)
 A = Elapsed time spent in this place.
 B = Non-inter-level travel time spent in this place.
 C = Inter-level travel time spent in this place.
 D = Time resting spent in this place.
 E = Time spent auto-exploring this place.
 F = Levels seen in this place.
 G = Mean time per level.
                   A        B        C        D        E       F      G
               +--------+--------+--------+--------+--------+-----+--------+
         Total |   8439 |   8204 |    235 |   3888 |   3414 |   7 | 1205.6 |
       Dungeon |   8354 |   8131 |    223 |   3888 |   3354 |   6 | 1392.3 |
        Temple |     84 |     72 |     12 |      0 |     60 |   1 |   84.0 |
               +--------+--------+--------+--------+--------+-----+--------+

Top non-repeatable levels by time:
     D:3: 3556 daAuts
     D:2: 1530 daAuts
     D:1: 1279 daAuts
     D:4: 851 daAuts
     D:5: 791 daAuts
     D:6: 346 daAuts
  Temple: 84 daAuts
